 Dungeon Crawl Stone Soup version 0.27-a0-972-gd1521fd518 (webtiles) character file.

Game seed: 10228679706498451858

1736985 EnegeticOcto the Ice Dragon (level 27, 233/233 (236) HPs)
             Began as a White Draconian Delver on Apr 13, 2021.
             Was the Champion of Nemelex Xobeh.
             Escaped with the Orb
             ... and 3 runes!
             The game lasted 02:24:22 (72031 turns).

EnegeticOcto the Ice Dragon (DrDe)                 Turns: 72031, Time: 02:24:23

HP:   233/233 (236) AC: 28    Str: 21    XL:     27
MP:   47/47         EV: 26    Int: 15    God:    Nemelex Xobeh [******]
Gold: 6342          SH: 18    Dex: 26    Spells: 29/66 levels left

rFire    + . .     SeeInvis .   r - +7 demon trident (drain)
rCold    + . .     Faith    .   u - +3 kite shield
rNeg     . . .     Spirit   .   (armour unavailable)
rPois    +         Reflect  .   W - +2 hat
rElec    .         Harm     .   g - +2 cloak
rCorr    .         Rampage  .   H - +2 pair of gloves
Will     +++..                  o - +2 pair of boots {Stlth+}
Stlth    ++........             J - amulet of Vitality {Regen+ HP+15}
HPRegen  1.48/turn              Q - ring "Uwazu" {rPois AC+4 Str+2 Int+3 Dex+4, =R}
MPRegen  0.30/turn              D - ring of protection from fire

@: lightly drained
A: breathe frost, AC +13, unfitting armour, cold resistance 1, cold-blooded,
claws 1, clever 1, deterioration 1, frail 1, strong-willed 1, MP-powered wands
0: Orb of Zot
}: 3/15 runes: decaying, silver, gossamer
a: Breathe Frost, Renounce Religion, Draw Escape, Draw Destruction, Draw
Summoning, Draw Stack, Triple Draw, Deal Four, Stack Five


You escaped.
You worshipped Nemelex Xobeh.
Nemelex Xobeh was exalted by your worship.
You visited 11 branches of the dungeon, and saw 53 of its levels.
You visited the Abyss 1 time.
You also visited: Bailey and Wizlab.

You collected 11386 gold pieces.
You spent 5044 gold pieces at shops.

Inventory:

Hand Weapons
 h - a +2 dagger of distortion
   (You found it on level 6 of the Lair of Beasts)
 r - a +7 demon trident of draining (weapon)
   (You acquired it on level 4 of the Spider Nest)
Missiles
 z - 53 boomerangs
 G - a throwing net {!f}
 M - 12 curare-tipped darts
Armour
 g - a +2 cloak (worn)
   (You found it on level 11 of the Dungeon)
 o - a +2 pair of boots of stealth (worn)
   (You acquired it on level 6 of the Dungeon)
 u - a +3 kite shield (worn)
   (You found it on level 5 of the Depths)
 H - a +2 pair of gloves (worn)
   (You found it on level 6 of the Dungeon)
 W - a +2 hat (worn)
   (You found it on level 5 of the Lair of Beasts)
Jewellery
 D - a ring of protection from fire (right hand)
   (You bought it in a shop on level 1 of the Vaults)
 J - the amulet of Vitality (around neck) {Regen+ HP+15}
   (You bought it in a shop on level 1 of the Vaults)

   [amulet of regeneration]

   It affects your health (+15).
   It increases your rate of health regeneration.
 L - a ring of resist corrosion
   (You found it on level 8 of the Dungeon)
 P - a ring of see invisible
   (You bought it in a shop on level 10 of the Dungeon)
 Q - the ring "Uwazu" (left hand) {rPois AC+4 Str+2 Int+3 Dex+4, =R}
   (You found it on level 2 of the Swamp)

   [ring of protection]

   It affects your AC (+4).
   It affects your strength (+2).
   It affects your intelligence (+3).
   It affects your dexterity (+4).
   It protects you from poison.
 V - a ring of willpower
   (You found it on level 1 of the Crypt)
Wands
 i - a wand of iceblast (44) {@v2}
   (You found it on level 6 of the Lair of Beasts)
 m - a wand of mindburst (17)
   (You found it on level 1 of the Spider Nest)
 t - a wand of polymorph (82)
   (You found it on level 3 of the Dungeon)
 F - a wand of digging (16) {@v3}
   (You found it on level 1 of the Vaults)
 N - a wand of charming (29)
   (You found it on level 9 of the Dungeon)
 T - a wand of acid (10) {@v1}
   (You found it on level 2 of the Lair of Beasts)
 Y - a wand of paralysis (49)
   (You found it on level 6 of the Lair of Beasts)
Scrolls
 b - 11 scrolls of fog {!r}
 d - 4 scrolls of fear {!r}
 n - 5 scrolls of vulnerability
 q - 5 scrolls of summoning
 v - 14 scrolls of teleportation {@r3 !r}
 w - a scroll of magic mapping {@r5 !r}
 x - 5 scrolls of silence
 y - 3 scrolls of holy word
 A - 4 scrolls of blinking {@r4}
 O - 5 scrolls of immolation
Potions
 c - 27 potions of curing {@q1 !q}
 e - 5 potions of haste {@q4 !q}
 f - 5 potions of heal wounds {@q2 !q}
 j - 6 potions of resistance
 l - 3 potions of flight
 B - 9 potions of ambrosia
 C - 2 potions of cancellation
 I - 2 potions of invisibility
 R - 8 potions of attraction
 S - 2 potions of mutation
 U - 2 potions of berserk rage
 X - 5 potions of lignification {@q6}
 Z - 5 potions of might {@q3 !q}
Miscellaneous
 k - a condenser vane
   (You found it on level 2 of the Swamp)
 p - a tin of tremorstones (inert)
   (You found it on level 3 of the Elven Halls)
 s - a phial of floods
   (You found it on level 13 of the Dungeon)
 E - a box of beasts
   (You found it on level 1 of the Lair of Beasts)
 K - a lightning rod (4/4)
   (You found it on level 3 of the Elven Halls)


   Skills:
 - Level 20.0 Fighting
 - Level 14.0 Polearms
 - Level 6.0 Throwing
 - Level 15.0 Dodging
 - Level 4.5 Stealth
 - Level 15.0 Shields
 + Level 20.4 Spellcasting
 - Level 9.0 Conjurations
 - Level 4.0 Translocations
 - Level 15.0 Transmutations
 O Level 27 Ice Magic
 - Level 10.0 Earth Magic
 - Level 16.0 Invocations
 - Level 10.0 Evocations


You had 29 spell levels left.
You knew the following spells:

 Your Spells              Type           Power      Damage    Failure   Level
a - Iron Shot             Conj/Erth      21%        9d5       11%         6
b - Irradiate             Conj/Tmut      25%        3d22      1%          5
c - Statue Form           Tmut/Erth      34%        N/A       3%          6
d - Spellforged Servitor  Conj/Summ      14%        N/A       99%         7
e - Absolute Zero         Ice            38%        ∞         5%          9
p - Passwall              Tmut/Erth      43%        N/A       1%          2
Y - Blink                 Tloc           N/A        N/A       1%          2

Your spell library contained the following spells:

 Spells                   Type           Power      Damage    Failure   Level
 Beastly Appendage        Tmut           100%       N/A       0%          1
 Wereblood                Tmut           57%        N/A       0%          2
 Apportation              Tloc           54%        N/A       1%          1
 Magic Dart               Conj           100%       1d8       1%          1
 Sandblast                Erth           90%        2d19      1%          1
 Shock                    Conj/Air       100%       1d9       1%          1
 Sting                    Tmut/Pois      100%       1d8       1%          1
 Ensorcelled Hibernation  Hex/Ice        100%       N/A       1%          2
 Conjure Flame            Conj/Fire      28%        6-21      1%          3
 Dazzling Flash           Conj/Hex       56%        N/A       1%          3
 Gell's Gravitas          Tloc           13%        N/A       1%          3
 Ignite Poison            Fire/Tmut/Pois 30%        N/A       1%          3
 Lesser Beckoning         Tloc           13%        N/A       1%          3
 Static Discharge         Conj/Air       28%        N/A       1%          3
 Hailstorm                Conj/Ice       62%        3d13      1%          4
 Petrify                  Tmut/Erth      52%        N/A       1%          4
 Summon Ice Beast         Ice/Summ       54%        N/A       1%          4
 Metabolic Englaciation   Hex/Ice        27%        N/A       1%          5
 Blade Hands              Tmut           28%        N/A       1%          6
 Iskenderun's Battlesphe  Conj           42%        2d9       2%          5
 Animate Skeleton         Necr           30%        N/A       3%          1
 Corona                   Hex            16%        N/A       3%          1
 Pain                     Necr           60%        1d7       3%          1
 Summon Small Mammal      Summ           60%        N/A       3%          1
 Mephitic Cloud           Conj/Pois/Air  24%        N/A       3%          3
 Call Imp                 Summ           15%        N/A       4%          2
 Corpse Rot               Necr/Air       N/A        N/A       4%          2
 Poisonous Vapours        Pois/Air       30%        N/A       4%          2
 Slow                     Hex            15%        N/A       4%          2
 Sublimation of Blood     Necr           7%         N/A       4%          2
 Swiftness                Air            15%        N/A       4%          2
 Portal Projectile        Hex/Tloc       42%        N/A       4%          3
 Leda's Liquefaction      Hex/Erth       15%        N/A       4%          4
 Alistair's Intoxication  Tmut/Pois      24%        N/A       4%          5
 Yara's Violent Unravell  Hex/Tmut       18%        3d9       4%          5
 Dragon Form              Tmut           28%        N/A       6%          7
 Bolt of Magma            Conj/Fire/Erth 17%        4d9       7%          5
 Call Canine Familiar     Summ           15%        N/A       10%         3
 Confusing Touch          Hex            15%        N/A       10%         3
 Inner Flame              Hex/Fire       15%        N/A       10%         3
 Summon Guardian Golem    Hex/Summ       15%        N/A       10%         3
 Tukima's Dance           Hex            15%        N/A       10%         3
 Vampiric Draining        Necr           7%         2d7       10%         3
 Borgnjor's Vile Clutch   Necr/Erth      15%        N/A       12%         5
 Fireball                 Conj/Fire      14%        3d8       14%         5
 Lightning Bolt           Conj/Air       14%        1d27      14%         5
 Eringya's Noxious Bog    Tmut/Pois      18%        N/A       24%         6
 Airstrike                Air            7%         N/A       32%         4
 Animate Dead             Necr           7%         N/A       32%         4
 Cause Fear               Hex            7%         N/A       32%         4
 Dispel Undead            Necr           15%        3d10      32%         4
 Olgreb's Toxic Radiance  Pois           15%        N/A       32%         4
 Summon Lightning Spire   Summ/Air       15%        N/A       32%         4
 Summon Forest            Summ/Tloc      10%        N/A       38%         5
 Orb of Destruction       Conj           21%        9d9       56%         7
 Starburst                Conj/Fire      14%        8x6d6     63%         6
 Agony                    Necr           15%        N/A       67%         5
 Excruciating Wounds      Necr           7%         N/A       67%         5
 Summon Mana Viper        Hex/Summ       15%        N/A       67%         5
 Invisibility             Hex            15%        N/A       99%         6
 Shadow Creatures         Summ           N/A        N/A       99%         6
 Lehudib's Crystal Spear  Conj/Erth      21%        10d6      99%         8
 Summon Hydra             Summ           7%         N/A       100%        7
 Borgnjor's Revivificati  Necr           7%         N/A       100%        8
 Chain Lightning          Conj/Air       14%        N/A       100%        8
 Ignition                 Fire           7%         3d5       100%        8
 Infestation              Necr           7%         N/A       100%        8
 Necromutation            Tmut/Necr      18%        N/A       100%        8
 Death's Door             Necr           7%         N/A       100%        9
 Fire Storm               Conj/Fire      14%        8d4       100%        9
 Shatter                  Erth           22%        3d20*     100%        9
 Animate Armour           Summ/Erth      Unusable   N/A       N/A         4

Dungeon Overview and Level Annotations

Branches:
Dungeon (15/15)            Temple (1/1) D:7            Lair (6/6) D:10
  Swamp (4/4) Lair:2       Spider (4/4) Lair:3        Slime (0/5) Lair:5
    Orc (2/2) D:10            Elf (3/3) Orc:2        Vaults (5/5) D:14
  Crypt (3/3) Vaults:2       Tomb (0/3) Crypt:3      Depths (5/5) D:15
    Zot (5/5) Depths:5     Bailey (visited)          WizLab (visited)

Altars:
Ashenzari
Cheibriados
Dithmenos
Elyvilon
Fedhas
Gozag
Hepliaklqana
Kikubaaqudgha
Makhleb
Nemelex Xobeh
Okawaru
Qazlal
Ru
Sif Muna
Trog
Uskayaw
Vehumet
Wu Jian
Xom
Yredelemnul
Zin
The Shining One

Shops:
D:10 =   Orc:2 ?:(   Vaults:1 ==   Vaults:2 (   Vaults:4 [   Depths:1 =:=
Depths:3 [

Portals:
Hell: Depths:1 Depths:2 Depths:3 Depths:4 Depths:5
Abyss: Lair:5 Depths:4 Depths:5
Pandemonium: Depths:2 Depths:3
Ziggurat: Depths:5

Annotations:
D:14 Azrael
Lair:3 Rupert
Lair:5 2 transporters, exclusion: oklob plant, Tetteh's ghost, journeyman DrBe
Vaults:1 2 transporters, exclusion: orange crystal statue
Depths:2 6 runed translucent doors
Zot:1 1 transporter


Innate Abilities, Weirdness & Mutations

You can breathe waves of freezing cold which knock back foes.
Your icy white scales are hard. (AC +13)
You cannot fit into any form of body armour.
Your flesh is cold resistant. (rC+)
You are cold-blooded and may be slowed by cold attacks.
You have sharp fingernails.
Your mind is acute. (Int +2)
Your body sometimes deteriorates upon taking damage.
You are frail. (-10% HP)
You are strong-willed. (Will+)
You expend magic power (3 MP) to strengthen your wands.


Message History

You block the soul eater's attack.
You impale the soul eater!!
The soul eater is severely wounded.
The orange demon closely misses you. You block the soul eater's attack.
You hit the soul eater. You tail-slap the soul eater.
The soul eater is severely wounded.
The orange demon stings you from afar.
You puncture the soul eater!
The soul eater is almost dead.
The soul eater hits you.
You barely miss the soul eater.
The soul eater is almost dead.
The orange demon barely misses you.
You impale the soul eater!!
You kill the soul eater!
You reach to attack!
You puncture the orange demon!
The orange demon is almost dead.
You block the orange demon's attack.
You reach to attack!
You puncture the orange demon!
You kill the orange demon!
No target in view!
(D) Dungeon (T) Temple (L) Lair (S) Swamp (N) Spider Nest (M) Slime Pits (O) Orcish Mines (E) Elven Halls (V) Vaults (C) Crypt (W) Tomb (U) Depths (H) Hell (Z) Zot
Where to? (Enter - D:1 @ (x,y), ? - help)
You see here a +1 scimitar of flaming.
HP restored.
There is a stone staircase leading up, spattered with blood here.
You climb upwards.
There is a stone staircase leading down here.
Your magical contamination has completely faded away.
You enter the shallow water.
Moving in this stuff is going to be slow.
Magic restored.
There is a stone staircase leading up here.
You climb upwards.
There is a stone staircase leading down here.
There is a stone staircase leading up here.
You climb upwards.
There is a stone staircase leading down here.
There is a stone staircase leading up here.
You climb upwards.
There is a stone staircase leading down here.
There is an open door here.
There is a shaft here.
A rust devil comes into view.
Unknown command.
You reach to attack!
You hit the rust devil.
The rust devil is lightly wounded.
You reach to attack!
You barely miss the rust devil.
The rust devil is lightly wounded.
Casting: Absolute Zero (dangerous; 5% risk of failure)
Press: ? - help, Q - select action, (/) - cycle Dir - look around, f - activate You chill the rust devil to absolute zero!
The rust devil is frozen into a solid block of ice!
You kill the rust devil!
(D) Dungeon (T) Temple (L) Lair (S) Swamp (N) Spider Nest (M) Slime Pits (O) Orcish Mines (E) Elven Halls (V) Vaults (C) Crypt (W) Tomb (U) Depths (H) Hell (Z) Zot
Where to? (Enter - D:1 @ (x,y), ? - help)
There is a stone staircase leading up here.
You climb upwards.
There is a stone staircase leading down here.
Magic restored.
A neqoxec, a chaos spawn and a pandemonium lord come into view.
Unknown command.
The neqoxec shouts!
The chaos spawn barks!
Jaso moves out of view.
Casting: Absolute Zero (dangerous; 5% risk of failure)
Confirm with . or Enter, or press ? or * to list all spells.
Aiming: Passwall (safe; 1% risk of failure)
Press: ? - help, Dir - move target A rock wall.
This square is covered in magical glow.
You begin to meditate on the wall.
You continue meditating on the rock. x2
You finish merging with the rock.
Casting: Passwall (safe; 1% risk of failure)
Confirm with . or Enter, or press ? or * to list all spells.
Aiming: Passwall (safe; 1% risk of failure)
Press: ? - help, Dir - move target A rock wall.
This square is covered in magical glow.
You begin to meditate on the wall.
You continue meditating on the rock. x2
You finish merging with the rock.
There is a stone staircase leading up here.
(D) Dungeon (T) Temple (L) Lair (S) Swamp (N) Spider Nest (M) Slime Pits (O) Orcish Mines (E) Elven Halls (V) Vaults (C) Crypt (W) Tomb (U) Depths (H) Hell (Z) Zot
Where to? (Enter - D:1 @ (x,y), ? - help)
You climb upwards.
There is a stone staircase leading down here.
Magic restored.
You open the door.
There is an open door here.
There is a staircase leading out of the dungeon here.
Unknown command.
You have escaped!

### #...........#
###########..########.##
.............# ##...####
############.######.....#.##
#### ######.##............##
...####.........###.........####
##....>..........###...........#
.....##.####.#######..#.....##.#
####.##.# #.#..@..#..##...###)##
#.##.# #.'.....+..###.## #...
#.##.# #.#..8..#..# #.# ####
#.##.# #.'.....+..# #.# #.##.#
#.#.....#..# #.#
####....####.##+#'##..###.#
..........##.##..........(#
..........)..#######..#####
##.######.#### #......#


There were no monsters in sight!

Vanquished Creatures
  6 orbs of fire
  8 ancient liches
  5 Killer Klowns
  Xtahua (Crypt:1)
  A caustic shrike (Depths:4)
  A curse toe (Zot:5)
  11 golden dragons
  2 bone dragons
  A Tzitzimitl (Depths:1)
  2 pandemonium lords
  3 electric golems
  15 tentacled monstrosities
  A Hell Sentinel (Zot:3)
  25 Orb Guardians
  3 titans (Vaults:5)
  An Ice Fiend (D:10)
  8 liches
  2 deep elf blademasters (Elf:3)
  4 quicksilver dragons
  4 ancient champions
  An acid blob (Zot:5)
  Kirke (Swamp:3)
  2 deep elf master archers (Elf:3)
  10 death cobs
  9 sphinxes
  17 storm dragons
  8 tengu reavers
  4 revenants
  Donald (Swamp:2)
  3 draconian monks
  8 shadow dragons
  A daeva (Depths:5)
  An iron dragon (Vaults:5)
  A draconian knight (Zot:3)
  5 deep elf sorcerers
  A fenstrider witch (Swamp:4)
  7 frost giants
  7 fire giants
  5 draconian scorchers
  17 vault wardens
  5 ghost moths
  A juggernaut zombie (Crypt:3)
  3 draconian shifters
  6 emperor scorpions
  3 spriggan defenders (Depths:4)
  An angel (Depths:5)
  18 ironbound preservers
  A curse skull (Crypt:3)
  4 deep elf elementalists (Elf:3)
  3 draconian stormcallers
  2 draconian annihilators (Zot:5)
  6 war gargoyles
  28 stone giants
  8 ghouls
  A quicksilver ooze (Spider:4)
  27 very ugly things
  9 deep elf demonologists
  20 green draconians
  4 white draconians
  12 black draconians
  5 vampire knights
  7 entropy weavers
  14 spark wasps
  5 bunyips
  9 deep elf annihilators
  11 dire elephants
  8 red draconians
  5 purple draconians
  A minotaur (Lair:6)
  7 yellow draconians
  5 eidola
  4 eleionomae
  Snorg (Lair:6)
  2 merfolk javelineers
  A merfolk impaler (Depths:3)
  12 deep elf death magi
  18 ettins
  4 crystal guardians
  15 yaktaur captains
  10 fire dragons
  A blizzard demon (Depths:4)
  20 jiangshi
  6 great orbs of eyes
  4 deep elf high priests
  Josephine (D:14)
  A quicksilver dragon skeleton (Depths:4)
  A spriggan air mage (Depths:4)
  4 peacekeepers
  5 rakshasas
  10 hydras
  A hell beast (Depths:1)
  27 vault guards
  5 ironbound thunderhulks
  2 ghost crabs
  4 ogre magi
  5 catoblepae
  11 ice dragons
  13 boulder beetles
  6 centaur warriors
  5 ironbound frosthearts
  A satyr (Spider:1)
  3 death knights
  12 dancing weapons
  15 two-headed ogres
  A titan zombie (Crypt:3)
  12 deep troll shamans
  16 tengu warriors
  15 alligators
  12 vampire magi
  A hell hog (Depths:1)
  10 death yaks
  2 spectral dire elephants (Crypt:3)
  11 deep troll earth magi
  9 ironbound beastmasters
  3 orc high priests
  A spriggan berserker (Depths:3)
  12 soul eaters
  3 deep elf knights (Elf:1)
  A titan skeleton (Crypt:3)
  2 storm dragon zombies
  12 iron trolls
  5 goliath frogs
  28 skeletal warriors
  2 golden dragon zombies (Crypt:3)
  18 shadow wraiths (Crypt:3)
  10 flayed ghosts
  2 spectral hydras
  A storm dragon skeleton (Crypt:3)
  4 swamp dragons
  6 bog bodies
  A quicksilver dragon simulacrum (Depths:1)
  4 spriggan druids
  14 wizards
  24 phantasmal warriors
  6 deep elf archers
  An iron giant skeleton (Crypt:2)
  54 deep trolls
  4 lindwurms
  7 orc knights
  39 wolf spiders
  7 necromancers
  21 ironbound convokers
  A lindwurm (shapeshifter) (D:14)
  An anaconda skeleton (Crypt:2)
  10 harpies
  21 deep elf pyromancers
  A fire giant zombie (Crypt:3)
  13 deep elf zephyrmancers
  A mana viper (Lair:6)
  A sphinx skeleton (Depths:4)
  A stone giant zombie (Vaults:1)
  46 ugly things
  A mana viper (shapeshifter) (Vaults:2)
  16 orb spiders
  5 orc sorcerers
  4 cyclopes
  24 moths of wrath
  A manticore (shapeshifter) (Elf:3)
  An oklob plant (D:10)
  2 will-o-the-wisps
  2 salamanders (Depths:2)
  A spectral fire dragon (Crypt:3)
  4 manticores
  A frost giant zombie (Crypt:3)
  An iron dragon skeleton (Depths:4)
  A frost giant skeleton (Crypt:3)
  A guardian serpent (Lair:6)
  A black mamba (Lair:3)
  6 torpor snails
  A rust devil (D:3)
  2 eyes of devastation
  A spriggan zombie (Depths:4)
  2 smoke demons (D:7)
  17 vault sentinels
  An alligator snapping turtle zombie (Crypt:2)
  An orange demon (D:7)
  20 cane toads
  3 rime drakes
  A white draconian zombie (Crypt:2)
  7 komodo dragons
  A black draconian zombie (Crypt:3)
  3 efreet
  An unseen horror (Spider:4)
  An alligator snapping turtle skeleton (Crypt:1)
  4 swamp worm zombies (Swamp:4)
  A yaktaur (shapeshifter) (D:14)
  19 yaktaurs
  3 hellwings (D:7)
  8 kobold demonologists
  2 tormentors
  3 ice devils
  12 demonic crawlers
  14 freezing wraiths
  2 hydra zombies (Swamp:4)
  8 tengu conjurers
  5 guardian mummies (Crypt:3)
  29 jumping spiders
  3 meliai (D:14)
  A polar bear (shapeshifter) (D:14)
  A wolf spider simulacrum (D:15)
  A queen bee (Zot:5)
  4 bloated husks
  4 trolls
  16 tyrant leeches
  7 hornets
  8 polar bears
  A sphinx simulacrum (Depths:4)
  Prince Ribbit (D:6)
  13 blink frogs
  5 alligator zombies (Swamp:4)
  A slime creature (shapeshifter) (Depths:2)
  A human simulacrum (Vaults:1)
  40 slime creatures
  A boulder beetle zombie (Crypt:1)
  A jumping spider zombie (Crypt:3)
  A dream sheep (shapeshifter) (Vaults:5)
  A frost giant simulacrum (Depths:4)
  2 spectral swamp dragons (Swamp:4)
  3 dream sheep (Lair:6)
  20 flying skulls
  5 vampires
  A fire dragon skeleton (Crypt:3)
  An ice dragon skeleton (Crypt:3)
  15 water elementals
  18 wraiths
  A ynoxinul (D:13)
  25 shadows
  34 tarantellas
  A wind drake zombie (Crypt:2)
  2 redbacks (shapeshifter)
  6 spriggans (Swamp:1)
  4 air elementals
  2 elf skeletons (Depths:4)
  An ettin skeleton (Crypt:3)
  60 yaks
  Sigmund (D:2)
  4 basilisks
  109 redbacks
  A fire elemental (Elf:3)
  A wyvern (D:11)
  17 vampire mosquitoes
  A hog (Swamp:3)
  5 steam dragons
  2 wargs (Orc:2)
  A water nymph zombie (Crypt:3)
  An acid dragon (D:9)
  7 two-headed ogre zombies (WizLab)
  15 swamp worms
  A warg (shapeshifter) (Depths:4)
  23 water moccasins
  A two-headed ogre skeleton (Crypt:3)
  A cane toad zombie (Crypt:2)
  A floating eye (Lair:6)
  An ogre skeleton (Vaults:1)
  6 swamp drakes
  2 black bears (D:6)
  A deep troll skeleton (Crypt:2)
  23 orc warriors
  A sky beast (shapeshifter) (D:14)
  4 swamp dragon zombies (Swamp:4)
  A gelid demonspawn skeleton (Crypt:1)
  6 sky beasts
  14 ogres
  A manticore zombie (Crypt:3)
  9 wolves
  A boggart (Elf:1)
  9 centaurs
  2 necrophages
  2 phantoms
  9 kobold brigands
  2 gnoll sergeants
  A yaktaur zombie (Crypt:2)
  10 bullfrogs
  5 earth elementals
  A komodo dragon skeleton (Crypt:1)
  A yaktaur skeleton (Crypt:1)
  2 scorpions
  A water moccasin skeleton (D:5)
  6 troll zombies (WizLab)
  19 killer bees
  A spriggan skeleton (Crypt:3)
  15 wights
  A polar bear skeleton (Crypt:2)
  4 howler monkeys
  2 electric eels (Lair:6)
  3 centaur zombies
  11 orc priests
  3 hounds
  6 gnoll shamans (D:13)
  A basilisk skeleton (Crypt:2)
  4 jellies
  2 iguanas
  9 orc wizards
  3 spectral swamp drakes (Swamp:4)
  6 ogre zombies (WizLab)
  A hound zombie (D:5)
  7 mummies (Crypt:3)
  20 gnolls
  6 adders
  2 swamp drake zombies (Swamp:4)
  A shadow imp (D:6)
  An iguana zombie (Crypt:1)
  A worm zombie (Crypt:1)
  A worm (D:4)
  A barachi skeleton (Crypt:3)
  3 dart slugs
  47 orcs
  7 ball pythons
  10 endoplasms
  5 giant cockroaches
  13 goblins
  10 hobgoblins
  7 jackals
  4 quokkas
  A river rat zombie (Crypt:1)
  3 bats
  6 frilled lizards
  A goblin skeleton (Crypt:1)
  33 kobolds
  6 rats
  A block of ice (Zot:4)
2316 creatures vanquished.

Vanquished Creatures (collateral kills)
  The ghost of Odwax the Hoplite, an adept MiFi of Okawaru (Swamp:2)
  A quicksilver dragon (Zot:5)
  2 emperor scorpions (Spider:2)
  An entropy weaver (Spider:4)
  A fire dragon (Spider:2)
  An ironbound thunderhulk (Vaults:2)
  An orc high priest (Orc:2)
  A skeletal warrior (D:14)
  An orc knight (Orc:2)
  An orb spider (Spider:4)
  A moth of wrath (Zot:5)
  An ugly thing (Vaults:2)
  2 redbacks (Spider:4)
  A vampire (D:14)
  A tarantella (Spider:4)
  An orc warrior (Orc:2)
  A swamp dragon zombie (Swamp:4)
  2 centaurs (D:14)
  2 orc wizards (Orc:2)
23 creatures vanquished.

Vanquished Creatures (others)
  A green draconian (Zot:2)
  A white draconian (Zot:3)
  A fire dragon (Depths:3)
  A ghost crab (Swamp:4)
  A death yak (Lair:6)
  A phantasmal warrior (Swamp:4)
  A deep elf zephyrmancer (Elf:1)
  A deep elf pyromancer (Elf:2)
  A black mamba (Lair:2)
  A water elemental (Elf:1)
  6 phantoms (Swamp:4)
  An orc wizard (Orc:2)
  An orc (Elf:1)
  64 blocks of ice
  8 foxfires (Swamp:4)
  9 fungi
  56 plants
155 creatures vanquished.

Grand Total: 2494 creatures vanquished

Notes
Turn   | Place    | Note
-------+----------+-------------------------------------------
     0 | D:5      | EnegeticOcto the Draconian Delver began the quest for the
                  | Orb.
     0 | D:5      | Reached XP level 1. HP: 19/19 MP: 1/1
     9 | D:5      | Noticed a hound
    13 | D:6      | Noticed a water moccasin
    32 | D:5      | Reached skill level 4 in Polearms
    32 | D:5      | Reached XP level 2. HP: 5/26 MP: 2/2
    32 | D:5      | Reached XP level 3. HP: 6/31 MP: 3/3
   692 | D:3      | Found an ancient bone altar of Kikubaaqudgha.
   992 | D:2      | Reached XP level 4. HP: 27/38 MP: 4/4
  1427 | D:2      | Noticed Sigmund
  1610 | D:2      | Found a faded altar of an unknown god.
  2390 | D:1      | Reached skill level 5 in Polearms
  2613 | D:1      | Reached XP level 5. HP: 26/45 MP: 5/5
  4257 | D:4      | Reached skill level 6 in Polearms
  4723 | D:5      | Reached XP level 6. HP: 49/51 MP: 6/6
  4734 | D:5      | Reached skill level 1 in Shields
  4909 | D:5      | Reached skill level 4 in Fighting
  5309 | D:5      | Reached skill level 2 in Shields
  5345 | D:5      | Your scales start taking on an icy white colour.
  5345 | D:5      | Reached XP level 7. HP: 42/59 MP: 7/7
  5345 | D:5      | Gained mutation: Your flesh is cold resistant. (rC+) [White
                  | Draconian growth]
  5642 | D:2      | Killed Sigmund
  5643 | D:2      | Reached skill level 7 in Polearms
  5897 | D:6      | Reached skill level 3 in Shields
  6022 | D:6      | Reached skill level 5 in Fighting
  6285 | D:6      | Reached skill level 8 in Polearms
  6285 | D:6      | Reached XP level 8. HP: 51/68 MP: 8/8
  6328 | D:6      | Reached skill level 4 in Shields
  6435 | D:6      | Noticed Prince Ribbit
  6450 | D:6      | Killed Prince Ribbit
  6451 | D:6      | Reached skill level 9 in Polearms
  6451 | D:6      | Reached skill level 2 in Dodging
  6451 | D:6      | Reached skill level 1 in Evocations
  6673 | D:6      | Found a hide-covered altar of Uskayaw.
  7054 | D:6      | Reached skill level 2 in Evocations
  7235 | D:7      | Reached XP level 9. HP: 65/74 MP: 9/9
  7259 | D:6      | Identified 2 scrolls of acquirement
  7259 | D:6      | Acquired a +1 pair of boots of stealth
  7260 | D:6      | Acquired 743 gold pieces
  7318 | D:7      | Reached skill level 3 in Dodging
  7412 | D:7      | Found a staircase to the Ecumenical Temple.
  7421 | Temple   | Entered the Ecumenical Temple
  7516 | Temple   | Became a worshipper of Nemelex Xobeh the Trickster
  7599 | D:7      | Reached skill level 5 in Shields
  7648 | D:7      | Found a bloodstained altar of Trog.
  7657 | D:7      | Found an opulent altar of Gozag.
  7759 | D:7      | Identified the +6 quarterstaff "Bineick" {vorpal, Fly MP-9
                  | Int+4}
  7996 | D:7      | Found a shimmering blue altar of Sif Muna.
  7998 | D:7      | Found a blossoming altar of Fedhas.
  7998 | D:7      | Found a snail-covered altar of Cheibriados.
  7998 | D:7      | Found a sacrificial altar of Ru.
  7999 | D:7      | Found a basalt altar of Yredelemnul.
  8180 | D:7      | Found a burning altar of Makhleb.
  8181 | D:7      | Found a glowing golden altar of the Shining One.
  8373 | D:8      | Reached skill level 10 in Polearms
  8373 | D:8      | Reached skill level 3 in Evocations
  8399 | D:8      | Reached * piety under Nemelex Xobeh
  8954 | D:9      | Reached skill level 1 in Invocations
  8975 | D:9      | Reached skill level 4 in Dodging
  8979 | D:9      | Reached skill level 2 in Invocations
  8998 | D:8      | Reached skill level 4 in Evocations
  9063 | D:9      | Found a shadowy altar of Dithmenos.
  9086 | D:9      | Received a gift from Nemelex Xobeh
  9118 | D:9      | Reached skill level 6 in Shields
  9130 | D:9      | Reached XP level 10. HP: 53/81 MP: 10/12
  9193 | D:9      | Reached skill level 11 in Polearms
  9193 | D:9      | Reached skill level 3 in Invocations
  9334 | D:9      | Reached ** piety under Nemelex Xobeh
  9745 | D:9      | Reached skill level 4 in Invocations
  9899 | D:9      | Reached skill level 7 in Shields
  9954 | D:9      | Reached skill level 12 in Polearms
  9954 | D:9      | Reached skill level 5 in Invocations
 10030 | D:10     | Entered Level 10 of the Dungeon
 10148 | D:10     | Found Laypnyf's Jewellery Emporium.
 10155 | D:10     | Bought a +4 ring of protection for 540 gold pieces
 10237 | D:10     | Reached skill level 6 in Invocations
 10283 | D:10     | Reached skill level 8 in Shields
 10302 | D:10     | Reached XP level 11. HP: 66/86 MP: 15/15
 10456 | D:10     | Found a staircase to the Lair.
 10457 | D:10     | Noticed an oklob plant
 10467 | D:10     | Found a staircase to the Orcish Mines.
 10990 | Lair:1   | Entered Level 1 of the Lair of Beasts
 10995 | Lair:1   | Identified the +6 fustibalus of Mive {flame, *Corrode MP+9
                  | Str+4 Dex+4}
 11034 | Lair:1   | Reached skill level 9 in Shields
 11229 | Lair:1   | Received a gift from Nemelex Xobeh
 11366 | Lair:1   | Reached skill level 1 in Throwing
 11400 | Lair:1   | Reached skill level 6 in Fighting
 11458 | Lair:1   | Noticed an eight-headed hydra
 11471 | Lair:1   | Killed an eight-headed hydra
 11472 | Lair:1   | Reached skill level 2 in Throwing
 11472 | Lair:1   | Reached skill level 5 in Dodging
 11472 | Lair:1   | Reached skill level 7 in Invocations
 11746 | Lair:1   | Identified the +4 robe "Mojiro Kuha" {Rampage rF+ Str+4}
 11828 | Lair:1   | Reached *** piety under Nemelex Xobeh
 11849 | Lair:1   | Learned a level 2 spell: Blink
 11885 | Lair:2   | Noticed a five-headed hydra
 11903 | Lair:2   | Killed a five-headed hydra
 11957 | Lair:2   | Received a gift from Nemelex Xobeh
 12008 | Lair:2   | Reached skill level 1 in Translocations
 12301 | Lair:2   | Reached XP level 12. HP: 53/97 MP: 17/17
 12313 | Lair:2   | Reached skill level 3 in Throwing
 12395 | Lair:1   | Reached skill level 10 in Shields
 12395 | Lair:1   | Reached skill level 2 in Translocations
 12464 | Lair:2   | Noticed a seven-headed hydra
 12477 | Lair:2   | Killed a seven-headed hydra
 12478 | Lair:2   | Reached skill level 7 in Fighting
 12592 | Lair:2   | Received a gift from Nemelex Xobeh
 12864 | Lair:2   | Found a staircase to the Swamp.
 12968 | Lair:2   | Reached skill level 8 in Invocations
 13255 | Lair:3   | Reached skill level 6 in Dodging
 13321 | Lair:3   | Received a gift from Nemelex Xobeh
 13331 | Lair:3   | Reached skill level 3 in Translocations
 13375 | Lair:3   | Reached **** piety under Nemelex Xobeh
 13453 | Lair:3   | Identified the +12 falchion "Cetawiux" {flame, Dex+2}
 13521 | Lair:3   | Received a gift from Nemelex Xobeh
 13608 | Lair:3   | Reached skill level 4 in Throwing
 13614 | Lair:3   | Found a hole to the Spider Nest.
 13824 | Lair:3   | Noticed Rupert
 14341 | Lair:4   | Received a gift from Nemelex Xobeh
 14361 | Lair:4   | Reached skill level 8 in Fighting
 14362 | Lair:4   | Noticed a seven-headed hydra
 14369 | Lair:4   | Reached skill level 4 in Translocations
 14371 | Lair:4   | a seven-headed hydra changed into an eye of devastation
 14447 | Lair:4   | Reached skill level 9 in Invocations
 14461 | Lair:4   | Noticed a death yak
 14597 | Lair:3   | Killed a death yak
 14644 | Lair:4   | Reached skill level 5 in Throwing
 14644 | Lair:4   | Reached XP level 13. HP: 97/108 MP: 19/19
 14754 | Lair:4   | Received a gift from Nemelex Xobeh
 14841 | Lair:4   | Reached ***** piety under Nemelex Xobeh
 14895 | Lair:4   | Reached skill level 7 in Dodging
 15149 | Lair:5   | Reached skill level 11 in Shields
 15158 | Lair:5   | Found a transporter.
 15163 | Lair:5   | Noticed Tetteh's ghost (journeyman DrBe)
 15201 | Lair:5   | Received a gift from Nemelex Xobeh
 15409 | Lair:5   | Found a one-way gate to the infinite horrors of the Abyss.
 15419 | Lair:5   | Found a transporter.
 15425 | Lair:5   | Found a staircase to the Slime Pits.
 15923 | Lair:6   | Entered Level 6 of the Lair of Beasts
 15977 | Lair:6   | Received a gift from Nemelex Xobeh
 16083 | Lair:6   | Noticed Snorg
 16104 | Lair:6   | Killed Snorg
 16105 | Lair:6   | Reached skill level 9 in Fighting
 16460 | Lair:6   | Noticed a minotaur
 16460 | Lair:6   | a death yak changed into a minotaur
 16460 | Lair:6   | Noticed a fire dragon
 16460 | Lair:6   | a death yak changed into a fire dragon
 16463 | Lair:6   | Reached skill level 6 in Throwing
 16465 | Lair:6   | Reached skill level 10 in Invocations
 16465 | Lair:6   | Killed a fire dragon
 16466 | Lair:6   | Killed a minotaur
 16467 | Lair:6   | Reached skill level 8 in Dodging
 16469 | Lair:6   | Reached skill level 10 in Fighting
 16607 | Lair:6   | Received a gift from Nemelex Xobeh
 16644 | Lair:6   | Reached skill level 12 in Shields
 16792 | Lair:6   | Noticed Sonja
 16793 | Lair:6   | Noticed Sonja
 16793 | Lair:6   | Sonja changed into Sonja the swamp drake
 16802 | Lair:6   | Killed Sonja the swamp drake
 17000 | Lair:6   | Reached XP level 14. HP: 107/121 MP: 21/21
 17751 | Lair:6   | Identified the +12 bardiche of Lonk {protect, rF+}
 17858 | Lair:6   | Received a gift from Nemelex Xobeh
 18443 | D:11     | Noticed Maurice
 18447 | D:11     | Noticed Maurice
 18447 | D:11     | Maurice changed into Maurice the sky beast
 18458 | D:11     | Killed Maurice the sky beast
 18755 | D:11     | Received a gift from Nemelex Xobeh
 19302 | D:12     | Identified the +2 short sword of Skirmishing {flame, Dex-2
                  | SInv Stlth+}
 19374 | D:12     | Reached ****** piety under Nemelex Xobeh
 19381 | D:12     | Received a gift from Nemelex Xobeh
 19664 | D:12     | Reached skill level 11 in Fighting
 19664 | D:12     | Reached skill level 11 in Invocations
 20309 | D:13     | Received a gift from Nemelex Xobeh
 21107 | D:14     | Noticed Josephine
 21155 | D:14     | Killed Josephine
 21250 | D:14     | Noticed Azrael
 21252 | D:14     | Noticed Nessos
 21256 | D:14     | Noticed Nessos
 21256 | D:14     | Nessos changed into Nessos the shapeshifter
 21413 | D:14     | Reached skill level 13 in Polearms
 21413 | D:14     | Reached skill level 13 in Shields
 21507 | D:14     | Received a gift from Nemelex Xobeh
 21574 | D:14     | Found a gate to the Vaults.
 22195 | D:14     | Noticed a tengu reaver
 22203 | D:14     | Killed a tengu reaver
 22204 | D:14     | Reached XP level 15. HP: 119/132 MP: 23/23
 22302 | D:14     | Noticed Nessos
 22309 | D:14     | Noticed Nessos
 22309 | D:14     | Nessos the warg changed into Nessos the sky beast
 22313 | D:14     | Killed Nessos the sky beast
 22567 | Orc:1    | Entered Level 1 of the Orcish Mines
 22567 | Orc:1    | Received a gift from Nemelex Xobeh
 22577 | Orc:1    | Found a flagged portal.
 22606 | Bailey   | Entered a bailey
 22663 | Bailey   | Received a gift from Nemelex Xobeh
 22716 | Bailey   | Found a burning altar of Makhleb.
 22743 | Bailey   | Reached skill level 12 in Invocations
 22753 | Bailey   | Reached skill level 12 in Fighting
 23304 | Orc:2    | Entered Level 2 of the Orcish Mines
 23368 | Orc:2    | Received a gift from Nemelex Xobeh
 23559 | Orc:2    | Found a staircase to the Elven Halls.
 23742 | Orc:2    | Found Suaroz's Book Boutique.
 23743 | Orc:2    | Received a gift from Nemelex Xobeh
 23851 | Orc:2    | Found Quen's Weapon Shoppe.
 23877 | Orc:2    | Paralysed by an orc sorcerer for 2 turns
 23933 | Orc:2    | Found Daryev's Book Shoppe.
 23935 | Orc:2    | Found Kuar's Magic Scroll Boutique.
 23944 | Orc:2    | Bought a scroll of magic mapping for 35 gold pieces
 23944 | Orc:2    | Bought a scroll of enchant armour for 75 gold pieces
 23944 | Orc:2    | Bought a scroll of teleportation for 30 gold pieces
 23944 | Orc:2    | Bought a scroll of fear for 35 gold pieces
 23944 | Orc:2    | Bought a scroll of fog for 20 gold pieces
 23944 | Orc:2    | Bought a scroll of teleportation for 30 gold pieces
 23951 | Orc:2    | Bought a manual of Dodging for 1324 gold pieces
 24276 | D:15     | Entered Level 15 of the Dungeon
 24766 | D:15     | Reached skill level 14 in Polearms
 25036 | D:15     | Received a gift from Nemelex Xobeh
 25188 | D:15     | Reached skill level 9 in Dodging
 25458 | D:15     | Reached skill level 14 in Shields
 25632 | D:15     | Found a staircase to the Depths.
 26056 | Spider:1 | Entered Level 1 of the Spider Nest
 26261 | Spider:1 | Received a gift from Nemelex Xobeh
 26389 | Spider:1 | Received a gift from Nemelex Xobeh
 26686 | Spider:1 | Reached skill level 13 in Fighting
 26686 | Spider:1 | Reached skill level 13 in Invocations
 26917 | Spider:1 | Reached skill level 10 in Dodging
 26917 | Spider:1 | Reached XP level 16. HP: 49/143 MP: 25/25
 27092 | Spider:1 | Received a gift from Nemelex Xobeh
 27373 | Spider:1 | Received a gift from Nemelex Xobeh
 27850 | Spider:2 | Found a transporter.
 27958 | Spider:2 | Found a transporter.
 28243 | D:10     | Bought a ring of see invisible for 225 gold pieces
 28541 | Spider:2 | Reached skill level 11 in Dodging
 28882 | Spider:2 | Received a gift from Nemelex Xobeh
 29870 | Spider:3 | Reached skill level 14 in Invocations
 29879 | Spider:2 | Reached skill level 14 in Fighting
 30087 | Swamp:1  | Entered Level 1 of the Swamp
 30141 | Swamp:1  | Reached skill level 12 in Dodging
 30218 | Swamp:1  | Reached skill level 15 in Shields
 30314 | Swamp:1  | Found a sacrificial altar of Ru.
 30317 | Swamp:1  | Received a gift from Nemelex Xobeh
 30797 | Swamp:1  | Reached skill level 13 in Dodging
 30992 | Swamp:1  | You fall into a shaft and drop 1 floor!
 31014 | Swamp:2  | Gained mutation: You are frail. (-10% HP) [potion of
                  | mutation]
 31014 | Swamp:2  | Gained mutation: Your spells are a little harder to cast,
                  | but a little more powerful. [potion of mutation]
 31014 | Swamp:2  | Gained mutation: You are strong-willed. (Will+) [potion of
                  | mutation]
 31014 | Swamp:2  | Gained mutation: Your mind is acute. (Int +2) [potion of
                  | mutation]
 31015 | Swamp:2  | Lost mutation: Your spells are a little harder to cast, but
                  | a little more powerful. [potion of mutation]
 31015 | Swamp:2  | Lost mutation: You are frail. (-10% HP) [potion of
                  | mutation]
 31015 | Swamp:2  | Lost mutation: You are strong-willed. (Will+) [potion of
                  | mutation]
 31015 | Swamp:2  | Gained mutation: You are strong-willed. (Will+) [potion of
                  | mutation]
 31015 | Swamp:2  | Gained mutation: You have sharp fingernails. [potion of
                  | mutation]
 31015 | Swamp:2  | Gained mutation: Your body sometimes deteriorates upon
                  | taking damage. [potion of mutation]
 31015 | Swamp:2  | Gained mutation: You expend magic power (3 MP) to
                  | strengthen your wands. [potion of mutation]
 31164 | Swamp:1  | Reached XP level 17. HP: 139/152 MP: 27/27
 31313 | Swamp:1  | Reached skill level 14 in Dodging
 31354 | Swamp:1  | Noticed a tentacled monstrosity
 31370 | Swamp:1  | Killed a tentacled monstrosity
 31898 | Swamp:2  | Noticed Donald
 31898 | Swamp:2  | Received a gift from Nemelex Xobeh
 31916 | Swamp:2  | Killed Donald
 32069 | Swamp:2  | Found a runed translucent door.
 32559 | Swamp:2  | Noticed Odwax's ghost (adept MiFi)
 32602 | Swamp:2  | Killed Odwax's ghost
 32609 | Swamp:2  | Identified the ring "Uwazu" {rPois AC+4 Str+2 Int+3 Dex+4}
 32887 | Swamp:3  | Received a gift from Nemelex Xobeh
 32980 | Swamp:3  | Reached skill level 5 in Evocations
 33048 | Swamp:3  | Noticed Kirke
 33075 | Swamp:3  | Killed Kirke
 33304 | Swamp:4  | Entered Level 4 of the Swamp
 33488 | Swamp:4  | Reached skill level 15 in Dodging
 33495 | Swamp:4  | Reached skill level 6 in Evocations
 33744 | Swamp:4  | Reached skill level 7 in Evocations
 33962 | Swamp:4  | Received a gift from Nemelex Xobeh
 34298 | Swamp:4  | Reached skill level 8 in Evocations
 34482 | Swamp:4  | Noticed a bone dragon
 34522 | Swamp:4  | Killed a bone dragon
 34596 | Swamp:4  | Got a decaying rune of Zot
 35349 | Spider:3 | Received a gift from Nemelex Xobeh
 35579 | Spider:3 | Identified the +1 pair of boots "Tibyt" {MP-9 Dex+7}
 35843 | Spider:4 | Entered Level 4 of the Spider Nest
 35858 | Spider:4 | Received a gift from Nemelex Xobeh
 35880 | Spider:4 | Reached skill level 9 in Evocations
 35893 | Spider:4 | Reached XP level 18. HP: 161/161 MP: 19/28
 36148 | Spider:4 | Identified the +2 trident "Zecse" {antimagic, rPois rCorr
                  | Str-2 SInv}
 36296 | Spider:4 | Learned a level 6 spell: Iron Shot
 36304 | Spider:4 | Learned a level 7 spell: Spellforged Servitor
 36766 | Spider:4 | Received a gift from Nemelex Xobeh
 36827 | Spider:4 | Reached skill level 15 in Fighting
 36859 | Spider:4 | Acquired a +2 demon trident of flaming
 37013 | Spider:4 | Reached skill level 15 in Invocations
 37114 | Spider:4 | Reached skill level 10 in Evocations
 37346 | Spider:4 | Got a gossamer rune of Zot
 37693 | Vaults:1 | Entered Level 1 of the Vaults
 38107 | Vaults:1 | Received a gift from Nemelex Xobeh
 38403 | Vaults:1 | Reached skill level 16 in Fighting
 38405 | Vaults:1 | Reached skill level 16 in Invocations
 38647 | Vaults:1 | Found Siotant's Jewellery Emporium.
 38655 | Vaults:1 | Bought the amulet of Vitality {Regen+ HP+15} for 1106 gold
                  | pieces
 38655 | Vaults:1 | Found the amulet of Vitality {Regen+ HP+15}
 38690 | Vaults:1 | Found a transporter.
 38741 | Vaults:1 | Found Gosuker's Jewellery Shoppe.
 38742 | Vaults:1 | Received a gift from Nemelex Xobeh
 38747 | Vaults:1 | Bought a ring of protection from fire for 300 gold pieces
 38921 | Vaults:1 | Identified the +8 trident of Dyaho {flame, rPois rF-
                  | Stlth+}
 38926 | Vaults:1 | Found a transporter.
 39009 | Vaults:1 | Received a gift from Nemelex Xobeh
 39064 | Vaults:1 | Reached skill level 1 in Transmutations
 39064 | Vaults:1 | Reached skill level 1 in Earth Magic
 39067 | Vaults:1 | Reached skill level 1 in Spellcasting
 39108 | Vaults:1 | Reached skill level 2 in Transmutations
 39108 | Vaults:1 | Reached skill level 2 in Earth Magic
 39341 | Vaults:1 | Reached skill level 2 in Spellcasting
 39357 | Vaults:1 | Reached XP level 19. HP: 162/172 MP: 22/31
 39374 | Vaults:1 | Reached skill level 3 in Transmutations
 39374 | Vaults:1 | Reached skill level 3 in Earth Magic
 39568 | Vaults:1 | Learned a level 6 spell: Statue Form
 39659 | Vaults:2 | Reached skill level 3 in Spellcasting
 39716 | Vaults:2 | Reached skill level 4 in Earth Magic
 39725 | Vaults:2 | Reached skill level 4 in Transmutations
 39899 | Vaults:2 | Reached skill level 4 in Spellcasting
 39941 | Vaults:2 | Found a staircase to the Crypt.
 40158 | Vaults:2 | Reached skill level 5 in Transmutations
 40158 | Vaults:2 | Reached skill level 5 in Earth Magic
 40458 | Vaults:2 | Reached skill level 5 in Spellcasting
 40599 | Vaults:2 | Found Cuetopoi's Weapon Shoppe.
 40733 | Vaults:2 | Reached skill level 6 in Transmutations
 40733 | Vaults:2 | Reached skill level 6 in Earth Magic
 41338 | Vaults:2 | Received a gift from Nemelex Xobeh
 41487 | Vaults:3 | Reached skill level 6 in Spellcasting
 41539 | Vaults:3 | Reached skill level 7 in Earth Magic
 41549 | Vaults:3 | Reached skill level 7 in Transmutations
 41830 | Vaults:3 | Received a gift from Nemelex Xobeh
 42266 | Vaults:3 | Received a gift from Nemelex Xobeh
 42834 | Vaults:4 | Reached skill level 8 in Earth Magic
 42858 | Vaults:4 | Reached skill level 8 in Transmutations
 42888 | Vaults:4 | Reached XP level 20. HP: 180/181 MP: 23/32
 42901 | Vaults:4 | Reached skill level 7 in Spellcasting
 42961 | Vaults:4 | Received a gift from Nemelex Xobeh
 43305 | Vaults:4 | Identified the +4 war axe of Iqoapuax {freeze, Stlth+}
 43340 | Vaults:4 | Reached skill level 9 in Transmutations
 43340 | Vaults:4 | Reached skill level 9 in Earth Magic
 43406 | Vaults:4 | Reached skill level 8 in Spellcasting
 43790 | Vaults:4 | Received a gift from Nemelex Xobeh
 43877 | Vaults:4 | Reached skill level 10 in Earth Magic
 43886 | Vaults:4 | Reached skill level 10 in Transmutations
 43899 | Vaults:4 | Reached skill level 1 in Conjurations
 43936 | Vaults:4 | Reached skill level 2 in Conjurations
 44180 | Vaults:4 | Found Soqid's Armour Shop.
 44501 | Elf:1    | Entered Level 1 of the Elven Halls
 44606 | Elf:1    | Reached skill level 3 in Conjurations
 44746 | Elf:1    | Received a gift from Nemelex Xobeh
 44891 | Elf:1    | Reached skill level 4 in Conjurations
 45249 | Elf:1    | Reached skill level 11 in Transmutations
 45492 | Elf:1    | Received a gift from Nemelex Xobeh
 45742 | Elf:2    | Reached skill level 5 in Conjurations
 45960 | Elf:2    | Found a runed translucent gate.
 45960 | Elf:2    | Found a runed translucent gate.
 45960 | Elf:2    | Found a runed translucent gate.
 46245 | Elf:2    | Received a gift from Nemelex Xobeh
 46404 | Elf:3    | Entered Level 3 of the Elven Halls
 46583 | Elf:3    | Reached skill level 12 in Transmutations
 46604 | Elf:3    | Reached XP level 21. HP: 180/188 MP: 30/33
 46633 | Elf:3    | Identified the ring of Uluemmawe {rPois Str+2 Int+3}
 46643 | Elf:3    | Identified the +1 scale mail of Quantum Leap {Int+3}
 46693 | Elf:3    | Reached skill level 13 in Transmutations
 46793 | Elf:3    | Learned a level 5 spell: Irradiate
 46861 | Elf:3    | Identified the +1 robe "Vaocweakk" {Int+4}
 46931 | Elf:3    | Cast into level 3 of the Abyss (a deep elf sorcerer)
 46931 | Abyss:3  | Received a gift from Nemelex Xobeh
 46935 | Elf:3    | Escaped the Abyss
 47065 | Elf:3    | Identified the +5 hand crossbow of Dyig Cit {elec, Int+4
                  | Dex+3}
 47131 | Elf:3    | Identified the Papyrus of Clay and Transmigration
 47148 | Elf:3    | Identified the Collected Works on Destructive Hexes
 47269 | Elf:3    | Found a shimmering blue altar of Sif Muna.
 47388 | Elf:3    | Identified the +3 quarterstaff of Blind Justice {freeze,
                  | Drain rF+ rC+}
 47388 | Elf:3    | Identified the ring "Ycoifyhi" {MP+9 Str+5 Stlth+}
 47458 | Elf:3    | Reached skill level 9 in Spellcasting
 47458 | Elf:3    | Reached XP level 22. HP: 193/193 MP: 24/35
 47534 | Elf:3    | Received a gift from Nemelex Xobeh
 47925 | Depths:1 | Entered Level 1 of the Depths
 48147 | Depths:1 | Found a gateway to Hell.
 48439 | Depths:1 | Reached skill level 17 in Fighting
 48447 | Depths:1 | Reached skill level 10 in Spellcasting
 48617 | Depths:1 | Reached skill level 1 in Ice Magic
 48684 | Depths:1 | Reached skill level 2 in Ice Magic
 48722 | Depths:1 | Reached skill level 3 in Ice Magic
 48726 | Depths:1 | Reached skill level 14 in Transmutations
 48728 | Depths:1 | Reached skill level 4 in Ice Magic
 48819 | Depths:1 | You fall into a shaft and drop 1 floor!
 48846 | Depths:2 | Reached skill level 5 in Ice Magic
 48882 | Depths:2 | Reached skill level 6 in Conjurations
 49051 | Depths:2 | Received a gift from Nemelex Xobeh
 49085 | Depths:2 | Reached skill level 6 in Ice Magic
 49527 | Depths:1 | Found Quubimp's Book Emporium.
 49528 | Depths:1 | Found Pyrubanu's Jewellery Boutique.
 49528 | Depths:1 | Found Mepetar's Jewellery Boutique.
 49802 | Orc:2    | Bought a book of Annihilations for 1324 gold pieces
 49812 | Orc:2    | Learned a level 9 spell: Absolute Zero
 50024 | Depths:2 | Reached XP level 23. HP: 206/206 MP: 18/37
 50394 | Depths:2 | Received a gift from Nemelex Xobeh
 50567 | Depths:2 | Found a one-way gate leading to the halls of Pandemonium.
 50679 | Depths:2 | Reached skill level 7 in Ice Magic
 50796 | Depths:2 | Found a runed translucent gate.
 50796 | Depths:2 | Found a runed translucent gate.
 50796 | Depths:2 | Found a runed translucent gate.
 51050 | Depths:2 | Found a runed translucent gate.
 51050 | Depths:2 | Found a runed translucent gate.
 51050 | Depths:2 | Found a runed translucent gate.
 51349 | Depths:2 | Reached skill level 8 in Ice Magic
 51658 | Depths:3 | Received a gift from Nemelex Xobeh
 51687 | Depths:3 | Reached skill level 7 in Conjurations
 51751 | Depths:3 | Reached skill level 11 in Spellcasting
 51789 | Depths:2 | Reached skill level 9 in Ice Magic
 53137 | Depths:3 | Reached skill level 10 in Ice Magic
 53204 | Depths:3 | Found a stormy altar of Qazlal.
 53205 | Depths:3 | Received a gift from Nemelex Xobeh
 53399 | Depths:3 | Found Peg Umir's Armour Shoppe.
 53603 | Depths:4 | Learned a level 2 spell: Passwall
 53635 | Depths:4 | Received a gift from Nemelex Xobeh
 53648 | Depths:4 | Found an iron altar of Okawaru.
 53690 | Depths:4 | Found a magical portal.
 53700 | WizLab   | Entered Zonguldrok's Shrine
 53934 | WizLab   | Reached skill level 8 in Conjurations
 53954 | WizLab   | Reached skill level 18 in Fighting
 53996 | WizLab   | Noticed an antique lich
 54021 | WizLab   | Killed an antique lich
 54043 | WizLab   | Found the +9 sword of Zonguldrok {reap}
 54086 | WizLab   | Acquired 1044 gold pieces
 54295 | Depths:4 | Reached skill level 15 in Transmutations
 54312 | Depths:4 | Reached skill level 11 in Ice Magic
 54837 | Depths:4 | Noticed a caustic shrike
 54857 | Depths:4 | Killed a caustic shrike
 54858 | Depths:4 | Reached XP level 24. HP: 182/217 MP: 38/38
 54859 | Depths:4 | Reached skill level 9 in Conjurations
 54859 | Depths:4 | Reached skill level 12 in Ice Magic
 55062 | Depths:4 | Received a gift from Nemelex Xobeh
 55268 | Depths:5 | Entered Level 5 of the Depths
 55315 | Depths:5 | Reached skill level 12 in Spellcasting
 55384 | Depths:5 | Found a gateway to a ziggurat.
 55433 | Depths:5 | Reached skill level 13 in Ice Magic
 55788 | Depths:5 | Reached skill level 14 in Ice Magic
 56037 | Depths:5 | Found a basalt altar of Yredelemnul.
 56144 | Depths:5 | Reached skill level 19 in Fighting
 56395 | Depths:5 | Found a gate to the Realm of Zot.
 56882 | Crypt:1  | Entered Level 1 of the Crypt
 56917 | Vaults:2 | Reached skill level 15 in Ice Magic
 57007 | Crypt:1  | Received a gift from Nemelex Xobeh
 57538 | Crypt:1  | Reached skill level 16 in Ice Magic
 57569 | Crypt:1  | Noticed Xtahua
 57579 | Crypt:1  | Killed Xtahua
 57837 | Crypt:1  | Received a gift from Nemelex Xobeh
 58402 | Crypt:2  | Reached XP level 25. HP: 229/229 MP: 32/39
 58665 | Crypt:2  | Reached skill level 17 in Ice Magic
 59332 | Crypt:3  | Entered Level 3 of the Crypt
 59499 | Crypt:3  | Reached skill level 20 in Fighting
 59515 | Crypt:2  | Found an ancient bone altar of Kikubaaqudgha.
 59666 | Crypt:3  | Received a gift from Nemelex Xobeh
 59727 | Crypt:3  | Reached skill level 18 in Ice Magic
 59950 | Crypt:3  | Found an ancient bone altar of Kikubaaqudgha.
 60402 | Crypt:3  | Reached skill level 19 in Ice Magic
 60470 | Crypt:3  | Found a staircase to the Tomb.
 60742 | Crypt:3  | Received a gift from Nemelex Xobeh
 61353 | Vaults:5 | Entered Level 5 of the Vaults
 61367 | Vaults:5 | Reached skill level 20 in Ice Magic
 61571 | Vaults:5 | Reached skill level 21 in Ice Magic
 62064 | Vaults:5 | Reached XP level 26. HP: 239/239 MP: 34/39
 62163 | Vaults:5 | Reached skill level 22 in Ice Magic
 62642 | Vaults:5 | Got a silver rune of Zot
 62666 | Vaults:5 | Reached skill level 23 in Ice Magic
 62677 | Vaults:5 | Received a gift from Nemelex Xobeh
 63079 | Vaults:5 | Reached skill level 24 in Ice Magic
 63244 | Vaults:5 | Identified the +1 ring mail of Mental Paralysis {rElec
                  | Regen+ SInv}
 63578 | Vaults:5 | Acquired 1192 gold pieces
 63580 | Vaults:5 | Identified the +4 plate armour of the Hunter {rElec Str+7
                  | Dex+4}
 63910 | Zot:1    | Entered Level 1 of the Realm of Zot
 64032 | Zot:1    | Noticed an ancient lich
 64032 | Zot:1    | Found a radiant altar of Vehumet.
 64033 | Zot:1    | Found a transporter.
 64354 | Zot:1    | Received a gift from Nemelex Xobeh
 64457 | Zot:1    | Reached skill level 25 in Ice Magic
 64788 | Zot:1    | Noticed an ancient lich
 65091 | Zot:1    | Received a gift from Nemelex Xobeh
 65188 | Zot:2    | Noticed an orb of fire
 65191 | Zot:2    | Killed an orb of fire
 65407 | Zot:2    | Received a gift from Nemelex Xobeh
 65580 | Zot:2    | Received a gift from Nemelex Xobeh
 65672 | Zot:2    | Noticed an orb of fire
 65674 | Zot:2    | Killed an orb of fire
 65675 | Zot:2    | Reached skill level 26 in Ice Magic
 65686 | Zot:2    | Reached XP level 27. HP: 246/246 MP: 9/39
 66330 | Zot:3    | Identified the amulet of Kikego {Acrobat -Tele rC+ rN++}
 66748 | Zot:3    | Reached skill level 27 in Ice Magic
 67427 | Zot:4    | Received a gift from Nemelex Xobeh
 67668 | Zot:4    | Reached skill level 13 in Spellcasting
 68485 | Zot:4    | Received a gift from Nemelex Xobeh
 68637 | Zot:5    | Entered Level 5 of the Realm of Zot
 68792 | Zot:5    | Reached skill level 14 in Spellcasting
 68947 | Zot:5    | Received a gift from Nemelex Xobeh
 69473 | Zot:5    | Reached skill level 15 in Spellcasting
 69539 | Zot:5    | Noticed an orb of fire
 69544 | Zot:5    | Killed an orb of fire
 69573 | Zot:5    | Noticed an ancient lich
 69585 | Zot:5    | Killed an ancient lich
 69715 | Zot:5    | Noticed an orb of fire
 69717 | Zot:5    | Killed an orb of fire
 69718 | Zot:5    | Reached skill level 16 in Spellcasting
 70138 | Zot:5    | Noticed an ancient lich
 70139 | Zot:5    | Killed an ancient lich
 70351 | Zot:5    | Noticed an ancient lich
 70352 | Zot:5    | Killed an ancient lich
 70353 | Zot:5    | Reached skill level 17 in Spellcasting
 70701 | Zot:5    | Noticed an orb of fire
 70704 | Zot:5    | Killed an orb of fire
 70708 | Zot:5    | Noticed an ancient lich
 70712 | Zot:5    | Noticed an ancient lich
 70715 | Zot:5    | Killed an ancient lich
 70718 | Zot:5    | Noticed an ancient lich
 70719 | Zot:5    | Killed an ancient lich
 70724 | Zot:5    | Killed an ancient lich
 70725 | Zot:5    | Reached skill level 18 in Spellcasting
 70991 | Zot:5    | Noticed an ancient lich
 70997 | Zot:5    | Killed an ancient lich
 70997 | Zot:5    | Noticed an orb of fire
 71007 | Zot:5    | Gained mutation: You are frail. (-10% HP) [an orb of fire]
 71009 | Zot:5    | Killed an orb of fire
 71010 | Zot:5    | Reached skill level 19 in Spellcasting
 71366 | Zot:5    | Got the Orb of Zot
 71416 | Zot:4    | Noticed Vuuviuvu the pandemonium lord
 71417 | Zot:4    | Killed Vuuviuvu the pandemonium lord
 71436 | Zot:3    | Reached skill level 20 in Spellcasting
 71704 | D:13     | Noticed Qenir the pandemonium lord
 71705 | D:13     | Killed Qenir the pandemonium lord
 71724 | D:12     | Noticed Kosaog the pandemonium lord
 72001 | D:2      | Noticed Jaso the pandemonium lord
 72031 | D:$      | Escaped with the Orb!

Illustrated notes

Levels and vault maps discovered:
D:1:      minmay_arrival_solitary_statue, layout_loops_ring, minmay_pentomino_u4
D:2:      layout_basic, shapermc_ecumenical_altar_mp_urbaneastern,
          wad_floor_pattern_2, minmay_parallelograms, roderic_serpentine_path,
          uniq_sigmund
D:3:      layout_loops_corners, lemuel_crystal_altar
D:4:      layout_loops_ring
D:5:      layout_basic
D:6:      layout_basic, nicolae_uskayaw_dance_hall, serial_bayou_lagoon_b,
          uniq_prince_ribbit1
D:7:      layout_loops_ring, lemuel_doored_altar, minitemple,
          minmay_temple_entry_statues_fountains, hangedman_decor_push
D:8:      layout_loops_ring, minmay_holes
D:9:      minmay_slanted_spiral_squares, layout_basic,
          nicolae_dithmenos_shadow_blocks
D:10:     layout_basic, dpeg_oklobed_lair, david_orc_2, serial_shops, shop,
          grunt_ministairs_2
D:11:     layout_cave_pods, nrook_campfire, hangedman_misty_isle, uniq_maurice
D:12:     layout_rooms, minmay_misc_feat_encased
D:13:     kennysheep_seaside_town, layout_cave_pools
D:14:     minmay_glassy_protrusions, layout_small_grid, david_vaults_2,
          minivault_19, uniq_josephine, uniq_azrael, uniq_nessos
D:15:     grunt_enter_depths_snipers, layout_irregular_city,
          minmay_misc_feat_roman
Temple:   compressed_dpeg_circular_temple
Lair:1:   layout_layer_cave, serial_bayou_pond_e
Lair:2:   layout_cave_pods, minmay_swamp_entry_worms, cheibrodos_lair_lostbears
Lair:3:   layout_gridlike, dummy_spider_entry, uniq_rupert
Lair:4:   layout_big_grid
Lair:5:   layout_roguey, nicolae_slime_entry_slimehenge,
          gammafunk_ghost_abyssal_escape, chequers_serial_rivers_micro_c
Lair:6:   evilmike_catoblepas_cave, layout_regular_city, serial_bayou_shore_a,
          uniq_sonja, uniq_snorg
Swamp:1:  cheibrodos_swamp_monstrosity, layout_falls_marsh, basic_altar,
          swamp_pool1, hangedman_swamp_dais
Swamp:2:  layout_basic_swamp, ebering_ghost_reflecting_pool, serial_swamp_ruin,
          evilmike_swamp_ruin_house_3, evilmike_swamp_ruin_house_4, uniq_donald
Swamp:3:  layout_basic_swamp, evilmike_swamp_ruin_wall,
          infiniplex_staircase_pool, uniq_kirke
Swamp:4:  swamp_pestilence, layout_basic_swamp
Spider:1: layout_chambers
Spider:2: gammafunk_boulding_lane, nicolae_spider_scorpion_nest
Spider:3: nicolae_spider_mines_3
Spider:4: grunt_spider_rune_circles, nicolae_spider_checkerboard
Orc:1:    layout_caves, enter_bailey_5
Orc:2:    st_orc_elflike, layout_diamond_mine
Elf:1:    minmay_elf_arrival_plus, layout_geoelf_grid, hangedman_elf_disciples,
          grunt_megastairs_3
Elf:2:    layout_geoelf_octagon
Elf:3:    grunt_elf_hall_spiral, layout_geoelf_octagon, basic_altar,
          serial_sigils_hangedman_scar
Vaults:1: nicolae_vaults_specimen_jars, nicolae_vaults_big_angled_halls,
          vaults_room_grunt_arrival_ludios, grunt_vaults_twisty,
          gammafunk_sealed_arena, vaults_mumra_chevron,
          hangedman_vaults_river_flow, vaults_room_hallway,
          hangedman_vaults_unwind, layout_vaults_omnigrid, serial_shops, shop,
          shop
Vaults:2: v_alt_pattern_1, hangedman_vaults_variations, vaults_room_fancy_cross,
          st_cross, ontoclasm_vaults_ring_large, ontoclasm_vaults_twist,
          v_misc_33, v_misc_10, ontoclasm_vaults_fault, v_misc_24,
          hangedman_vaults_slice, layout_vaults_ring,
          minmay_crypt_entry_simple_statues, serial_shops, shop
Vaults:3: nicolae_vaults_shelves_hall, v_misc_13, v_rooms_6,
          ontoclasm_vaults_claustrophobia, v_misc_4, v_misc_26,
          nicolae_vaults_mini_display_case, vaults_room_fours,
          vaults_dpeg_encased_lava, layout_vaults_omnicross
Vaults:4: nicolae_vaults_network_star, grunt_vaults_hallway_long,
          nicolae_vaults_shelves_hall, dpeg_vaults_waves, v_misc_17, v_misc_2,
          nicolae_vaults_border_crossing, ontoclasm_vaults_hangar,
          layout_vaults_big_room, serial_shops, shop
Vaults:5
Crypt:1:  layout_misc_corridors, moated_statue, grunt_ministairs_10, uniq_xtahua
Crypt:2:  minmay_shadows, layout_misc_corridors, nicolae_crypt_ancient_font,
          lemuel_upstairs_altar
Crypt:3:  church_of_pain_bobbens, layout_chaotic_city,
          nicolae_tomb_entry_grand_gallery, minicrypt_bobbens
Depths:1: layout_twisted_cross, grunt_mini_vestibule,
          chequers_serial_rivers_small_a, minmay_the_grid_square_5x5_3x3_mashed
          [minmay_the_grid_square_5x5_inset,
          minmay_the_grid_square_5x5_inverted_slash,
          minmay_the_grid_square_5x5_shrine2,
          minmay_the_grid_square_5x5_percent,
          minmay_the_grid_square_5x5_megaprize_hollow,
          minmay_the_grid_square_5x5_meh,
          minmay_the_grid_square_5x5_checkered_statues,
          minmay_the_grid_square_5x5_two, minmay_the_grid_square_5x5_fat_x],
          kennysheep_random_hallway, minmay_shop_grove, serial_bayou_shore_b,
          infiniplex_staircase_pool_lava
Depths:2: kennysheep_treasure_stockpile, layout_small_grid, hell_entry,
          rand_demon_pan_entry_1, chequers_serial_rivers_room_a,
          hangedman_stitches_earthworm, infiniplex_staircase_squiggle
Depths:3: nicolae_whirlpool, layout_basic, rand_demon_pan_entry_3,
          nicolae_qazlal_style_of_elements, hell_entry, serial_shops, shop,
          chequers_serial_rivers_micro_b
Depths:4: minmay_concentric_multi, layout_basic, hangedman_coc_ice_floe,
          mu_enter_wizlab_5, marbit_kobold_abyss_entry, kennysheep_crisscross,
          okawaru_gym_becter, infiniplex_staircase_river
Depths:5: grunt_zot_entry_gee_three, layout_long_grid, enter_ziggurat_c,
          yredelemnul_altar_generic, hell_entry, abyss_entry, water_boxes_lemuel
Zot:1:    gammafunk_sealed_library, layout_gridlike, grunt_megastairs_2
Zot:2:    grunt_zot_stairs_mandelzot, layout_gridville
Zot:3:    kennysheep_room_grid, layout_gridlike
Zot:4:    layout_gridlike
Zot:5:    layout_misc_corridors, st_stairs_9, bh_zot_levy_curve,
          grunt_ministairs_8

Skill      XL: |  1  2  3  4  5  6  7  8  9 10 11 12 13 14 15 16 17 18 19 20 21 22 23 24 25 26 27 |
---------------+----------------------------------------------------------------------------------+-----
Polearms       | 4 5 6 8 9 10 12 13 14 | 14.0
Shields        | 2 3 4 6 8 9 10 12 13 14 15 | 15.0
Fighting       | 4 5 6 8 10 11 13 14 16 17 18 19 20 | 20.0
Dodging        | 2 4 5 6 8 10 13 15 | 15.0
Evocations     | 2 4 9 10 | 10.0
Invocations    | 2 6 7 9 10 11 13 14 16 | 16.0
Throwing       | 2 5 6 |  6.0
Translocations | 1 4 |  4.0
Transmutations | 2 8 12 13 14 15 | 15.0
Earth Magic    | 2 8 10 | 10.0
Spellcasting   | 2 6 8 9 10 11 12 20 | 20.4
Conjurations   | 5 6 8 9 |  9.0
Ice Magic      | 6 11 16 21 26 27 | 27.0
Stealth        | |  4.5

Action                   |  1- 3 |  4- 6 |  7- 9 | 10-12 | 13-15 | 16-18 | 19-21 | 22-24 | 25-27 || total
-------------------------+-------+-------+-------+-------+-------+-------+-------+-------+-------++-------
Melee: Spear             |    59 |   328 |   281 |   983 |   747 |       |       |       |       ||  2398
       Tailslap          |     5 |    33 |    42 |   173 |   378 |   535 |   431 |   469 |   572 ||  2638
       Trident           |       |       |       |       |  1294 |  1855 |       |       |       ||  3149
       Quarterstaff      |       |       |       |       |    32 |       |       |       |       ||    32
       Demon trident     |       |       |       |       |       |   424 |  1628 |  1885 |  2198 ||  6135
Throw: Boomerang         |       |    10 |    56 |   122 |   195 |   338 |    56 |     4 |     3 ||   784
       Dart              |       |       |       |       |    13 |       |       |       |       ||    13
 Cast: Blink             |       |       |       |     3 |       |       |       |     2 |       ||     5
       Statue Form       |       |       |       |       |       |       |    21 |    91 |   126 ||   238
       Irradiate         |       |       |       |       |       |       |     4 |    57 |    31 ||    92
       Iron Shot         |       |       |       |       |       |       |       |     1 |       ||     1
       Passwall          |       |       |       |       |       |       |       |     7 |     2 ||     9
       Absolute Zero     |       |       |       |       |       |       |       |       |    78 ||    78
Invok: Draw Destruction  |       |       |     2 |    10 |    18 |    26 |    10 |     7 |       ||    73
       Draw Escape       |       |       |       |     1 |       |       |       |       |       ||     1
       Draw Summoning    |       |       |       |       |     5 |    14 |     2 |       |     2 ||    23
       Stack Five        |       |       |       |       |     1 |     1 |       |       |       ||     2
       Draw Stack        |       |       |       |       |     2 |     1 |       |     1 |       ||     4
       Deal Four         |       |       |       |       |       |       |     2 |       |     2 ||     4
       Triple Draw       |       |       |       |       |       |       |     1 |       |     1 ||     2
 Abil: Breathe Frost     |       |       |    19 |    17 |     4 |     6 |       |       |       ||    46
       End Transformatio |       |       |       |       |       |       |     1 |     1 |     1 ||     3
Evoke: Wand              |     1 |     1 |     6 |     3 |    13 |    11 |     8 |     4 |       ||    47
       Box of beasts     |       |       |       |     1 |       |     1 |       |       |     1 ||     3
       Piece from Xom's  |       |       |       |       |       |     2 |     8 |       |       ||    10
       Condenser vane    |       |       |       |       |       |     2 |     2 |     3 |     2 ||     9
       Tin of tremorston |       |       |       |       |       |       |       |     6 |     4 ||    10
  Use: Potion            |     1 |       |       |     3 |     4 |     4 |     1 |     1 |     6 ||    20
       Scroll            |     1 |     4 |    12 |     7 |    16 |    11 |       |     8 |    15 ||    74
 Stab: Sleeping          |     2 |    25 |     4 |     4 |    12 |    13 |    22 |     1 |    12 ||    95
       Distracted        |       |       |       |       |     7 |     3 |     6 |     5 |     7 ||    28
       Petrified         |       |       |       |       |       |     5 |     1 |       |       ||     6
       Paralysed         |       |       |       |       |       |     4 |     3 |       |       ||     7
       Held in net/web   |       |       |       |       |       |     1 |       |       |       ||     1
       Petrifying        |       |       |       |       |       |       |     2 |       |       ||     2
Armor: Skin              |     8 |    56 |    43 |   165 |   415 |   450 |   199 |   704 |   665 ||  2705
Dodge: Dodged            |    32 |   135 |   117 |   227 |   613 |  1143 |   758 |  1761 |  1470 ||  6256
Block: Buckler           |       |    22 |    11 |       |       |       |       |       |       ||    33
       Kite shield       |       |       |    82 |   274 |   759 |  1141 |   686 |  1712 |  1674 ||  6328
       Reflection        |       |       |       |       |       |    13 |    43 |    24 |       ||    80

Table legend: (Time is in decaauts)
 A = Elapsed time spent in this place.
 B = Non-inter-level travel time spent in this place.
 C = Inter-level travel time spent in this place.
 D = Time resting spent in this place.
 E = Time spent auto-exploring this place.
 F = Levels seen in this place.
 G = Mean time per level.
                   A        B        C        D        E       F      G
               +--------+--------+--------+--------+--------+-----+--------+
         Total |  72950 |  66089 |   6861 |   5656 |  42738 |  56 | 1302.7 |
       Dungeon |  18339 |  15477 |   2862 |   1282 |  10603 |  15 | 1222.6 |
        Temple |    102 |     81 |     21 |      0 |     75 |   1 |  102.0 |
          Lair |   7266 |   6269 |    997 |    383 |   4049 |   6 | 1211.0 |
         Swamp |   4563 |   4346 |    217 |    375 |   2803 |   4 | 1140.8 |
   Spider Nest |   6136 |   5571 |    565 |   1013 |   2929 |   4 | 1534.0 |
  Orcish Mines |   1407 |   1235 |    172 |     17 |    843 |   2 |  703.5 |
   Elven Halls |   3407 |   3251 |    156 |    110 |   2295 |   3 | 1135.7 |
        Vaults |   9162 |   8436 |    726 |    386 |   5569 |   5 | 1832.4 |
         Crypt |   5094 |   4864 |    230 |      0 |   3180 |   3 | 1698.0 |
        Depths |   8320 |   7637 |    683 |    285 |   5240 |   5 | 1664.0 |
           Zot |   8346 |   8119 |    227 |   1779 |   4883 |   5 | 1669.2 |
         Abyss |      5 |      5 |      0 |      0 |      0 |   1 |    5.0 |
        Bailey |    242 |    242 |      0 |      0 |    100 |   1 |  242.0 |
        Wizlab |    555 |    555 |      0 |     22 |    166 |   1 |  555.0 |
               +--------+--------+--------+--------+--------+-----+--------+

Top non-repeatable levels by time:
   Zot:5: 2940 daAuts
Vaults:5: 2671 daAuts
Depths:2: 2503 daAuts
 Crypt:3: 2229 daAuts
Spider:1: 2081 daAuts
Vaults:1: 1942 daAuts
    D:14: 1856 daAuts
Vaults:2: 1837 daAuts
  Lair:6: 1739 daAuts
Spider:2: 1691 daAuts
Depths:5: 1660 daAuts
     D:6: 1589 daAuts
Depths:1: 1579 daAuts
 Swamp:1: 1573 daAuts
    D:10: 1567 daAuts
